 Dungeon Crawl Stone Soup version 0.30-a0-540-g0af01429fa (webtiles) character file.

Game seed: 4091921419403199331

17 Pooter the Trooper (level 2, -3/19 HPs)
             Began as a Gargoyle Fighter on Dec 26, 2022.
             Slain by a goblin
             ... wielding a +1 vorpal long sword
              (6 damage)
             ... on level 1 of the Dungeon.
             The game lasted 00:03:58 (372 turns).

Pooter the Trooper (Gargoyle Fighter)                Turns: 372, Time: 00:03:59

Health: -3/19      AC:  9    Str: 19    XL:     2   Next: 62%
Magic:  2/2        EV:  9    Int:  8    God:
Gold:   47         SH:  4    Dex:  9    Spells: 0/2 levels left

rFire   . . .      SeeInvis +    a - +0 trident
rCold   . . .      Faith    .    c - +0 buckler
rNeg    + . .      Spirit   .    g - +0 scale mail
rPois   ∞          Reflect  .    (no helmet)
rElec   +          Harm     .    (no cloak)
rCorr   .          Rampage  .    (no gloves)
Will    .....                    (no boots) Stlth
                                 (no amulet)
HPRegen 0.23/turn                S - ring of see invisible
MPRegen 0.08/turn                (no ring)

@: no status effects
A: sickness immunity, AC +2, negative energy resistance 1, electricity
resistance, torment resistance 1, petrification resistance
a: no special abilities


You were on level 1 of the Dungeon.
You visited 1 branch of the dungeon, and saw 1 of its levels.

You collected 47 gold pieces.

Inventory:

Hand Weapons
 a - a +0 trident (weapon)
 b - a +0 sling
   (You found it on level 1 of the Dungeon)
Missiles
 Q - 10 stones (quivered)
Armour
 c - a +0 buckler (worn)
 g - a +0 scale mail (worn)
Jewellery
 S - a ring of see invisible (left hand)
   (You found it on level 1 of the Dungeon)
Scrolls
 f - a scroll of immolation {unknown}
 h - a scroll of identify {unknown}
Potions
 d - a potion of cancellation {unknown}
 e - 2 potions of curing {unknown}


   Skills:
 + Level 3.4 Fighting
 * Level 2.2 Polearms
 * Level 0.0 Ranged Weapons
 + Level 3.3 Armour
 + Level 3.3 Shields
 + Level 0.5 Spellcasting
 + Level 0.4 Transmutations


You couldn't memorise any spells.
You knew the following spells:

 Your Spells              Type           Power      Damage    Failure   Level
a - Wereblood             Tmut           0%         N/A       91%         2

Your spell library contained the following spells:

 Spells                   Type           Power      Damage    Failure   Level
 Hailstorm                Conj/Ice       0%         3d3       99%         3
 Ice Form                 Ice/Tmut       0%         N/A       100%        4
 Simulacrum               Ice/Necr       0%         N/A       100%        6
 Summon Hydra             Summ           0%         N/A       100%        7
 Sublimation of Blood     Necr           Unusable   N/A       N/A         2

Dungeon Overview and Level Annotations

Branches:
Dungeon (1/15)

Altars:


Innate Abilities, Weirdness & Mutations

You are immune to sickness and miasma.
Your stone body is resilient. (AC +2)
You are immune to poison.
You resist negative energy. (rN+)
You are resistant to electric shocks. (rElec)
You are resistant to unholy torment.
You are immune to petrification.


Message History

No target in view!
You see here 18 gold pieces.
A giant cockroach is nearby!
b - a +0 sling (weapon)
You shoot a sling bullet.
The sling bullet closely misses the giant cockroach.
You shoot a sling bullet.
The sling bullet hits the giant cockroach.
You kill the giant cockroach!
You now have 47 gold pieces (gained 18).
A ball python comes into view.
The ball python hisses angrily.
You shoot a sling bullet.
The sling bullet barely misses the ball python.
You shoot a sling bullet.
The sling bullet barely misses the ball python.
The ball python misses you. The ball python closely misses you.
You shoot a sling bullet.
The sling bullet closely misses the ball python.
The ball python bites you but does no damage.
The ball python barely misses you.
The ball python bites you but does no damage.
The ball python misses you.
You shoot a sling bullet.
The sling bullet barely misses the ball python.
The ball python closely misses you. x2
The ball python bites you but does no damage.
The ball python grabs you. The ball python constricts you.
You shoot a sling bullet. The sling bullet hits the ball python.
You kill the ball python!
You see here a ball python corpse.
A goblin comes into view. It is wielding a +1 vorpal long sword.
You shoot a sling bullet.
The sling bullet barely misses the goblin.
The goblin shouts!
You shoot a sling bullet.
The sling bullet barely misses the goblin.
a - a +0 trident (weapon)
You completely miss the goblin.
The goblin hits you with a +1 vorpal long sword.
You barely miss the goblin. The goblin barely misses you.
The goblin hits you with a +1 vorpal long sword.
* * * LOW HITPOINT WARNING * * *
You barely miss the goblin.
The goblin hits you with a +1 vorpal long sword.
* * * LOW HITPOINT WARNING * * *
* * * LOW HITPOINT WARNING * * *
You barely miss the goblin.
The goblin hits you with a +1 vorpal long sword.
You die...

# #. #......###...... #.
#.#....)...###.#
#.##.#.###...... #.
#.#.###..##.#
#.##.#.......>..
#.......##..##.#
#####.......##..##.#
######...................
#.......@g#.#.#.#######.#
#.##.#..#.# #.#
#.##.#..#.# #..
#.##....#.. ##.
#.##.##.#... #.
#.##.##.#........# #.
#................# #.
##......##.......# #####.
#.#.##.##.......# #.....


You could see a goblin.

Vanquished Creatures
  4 endoplasms (D:1)
  2 giant cockroaches (D:1)
  A hobgoblin (D:1)
  A jackal (D:1)
  2 kobolds (D:1)
  A ball python (D:1)
  2 frilled lizards (D:1)
  2 rats (D:1)
15 creatures vanquished.

Notes
Turn   | Place    | Note
-------+----------+-------------------------------------------
     0 | D:1      | Pooter the Gargoyle Fighter began the quest for the Orb.
     0 | D:1      | Reached XP level 1. HP: 14/14 MP: 1/1
    67 | D:1      | Reached XP level 2. HP: 12/19 MP: 2/2
   244 | D:1      | Learned a level 2 spell: Wereblood
   372 | D:1      | Slain by a goblin

Illustrated notes

Levels and vault maps discovered:
D:1:      zaba_arrival_water, layout_loops_cross, minmay_nonomino_d4

Skill      XL: |  1 |
---------------+----+-----
Polearms       | 2 |  2.2
Fighting       | |  3.4
Armour         | |  3.3
Shields        | |  3.3
Spellcasting   | |  0.5
Transmutations | |  0.4

Action                   || total
-------------------------++-------
Melee: Trident           ||    37
 Fire: Sling             ||     9
  Use: Potion            ||     1
Armor: Scale mail        ||    15
Dodge: Dodged            ||    22
Block: Buckler           ||     9

Table legend: (Time is in decaauts)
 A = Elapsed time spent in this place.
 B = Non-inter-level travel time spent in this place.
 C = Inter-level travel time spent in this place.
 D = Time resting spent in this place.
 E = Time spent auto-exploring this place.
 F = Levels seen in this place.
 G = Mean time per level.
                   A        B        C        D        E       F      G
               +--------+--------+--------+--------+--------+-----+--------+
         Total |    390 |    390 |      0 |      0 |    270 |   1 |  390.0 |
       Dungeon |    390 |    390 |      0 |      0 |    270 |   1 |  390.0 |
               +--------+--------+--------+--------+--------+-----+--------+

Top non-repeatable levels by time:
     D:1: 390 daAuts
